 Seeded DCSS version 0.30-a0-937-ga0a21ad780 (webtiles) character file.

Game seed: 3125986916090331667 (custom seed)

5 Parcival the Covered (level 1, 20/20 HPs)
             Began as a Minotaur Fighter on Mar 24, 2023.
             Quit the game on level 1 of the Dungeon.
             The game lasted 00:01:06 (84 turns).

Parcival the Covered (Minotaur Fighter)               Turns: 84, Time: 00:01:07

Health: 20/20      AC:  7    Str: 20    XL:     1   Next: 66%
Magic:  0/0        EV:  9    Int:  5    God:
Gold:   0          SH:  0    Dex:  9    Spells: 0/0 levels left

rFire   . . .      SeeInvis .    c - +3 bardiche of the Singing Hero {flame, Will++}
rCold   . . .      Faith    .    (shield currently unavailable)
rNeg    . . .      Spirit   .    b - +0 scale mail
rPois   .          Reflect  .    (helmet restricted)
rElec   .          Rampage  .    (no cloak)
rCorr   .                        (no gloves)
Will    ++...                    (no boots) Stlth
                                 (no amulet)
HPRegen 0.23/turn                (no ring)
MPRegen 0.07/turn                (no ring)

@: no status effects
A: horns 2, retaliatory headbutt
a: no special abilities


You were on level 1 of the Dungeon.
You visited 1 branch of the dungeon, and saw 1 of its levels.

Inventory:

Hand Weapons
 a - a +0 war axe
 c - the +3 bardiche of the Singing Hero (weapon) {flame, Will++}
   (You acquired it on level 1 of the Dungeon)

   Will:      It greatly increases your willpower.
Armour
 b - a +0 scale mail (worn)
Scrolls
 e - a scroll of brand weapon {unknown}
 f - a scroll of identify {unknown}
Potions
 d - a potion of might


   Skills:
 + Level 3.8 Fighting
 + Level 2.4 Axes
 + Level 3.8 Armour
 + Level 3.7 Shields


You couldn't memorise any spells.
You didn't know any spells.
Your spell library was empty.

Dungeon Overview and Level Annotations

Branches:
Dungeon (1/15)

Altars:


Innate Abilities, Weirdness & Mutations

You have a pair of horns on your head.
You reflexively headbutt those who attack you in melee.


Message History

The bat closely misses you. The bat hits you but does no damage.
You closely miss the bat. You headbutt the bat, but do no damage.
The bat completely misses you. The bat hits you but does no damage.
You closely miss the bat. Your headbutt misses the bat. The bat misses you.
The bat closely misses you. The bat hits you but does no damage. x2
You closely miss the bat. Your headbutt misses the bat.
The bat hits you but does no damage. The bat barely misses you.
You furiously retaliate!
You headbutt the bat. The bat misses you. The bat closely misses you.
You slash the bat! You burn the bat.
You kill the bat!
You see here a bat corpse.
You see here a bat corpse.
f - a scroll labelled KEMOTR BUCIU A goblin comes into view.
It is wielding a +0 dagger.
The goblin shouts!
You hear a shout!
A goblin is nearby!
A goblin comes into view. It is wielding a +0 club.
The goblin shouts!
You miss the goblin.
The goblin hits you but does no damage. x3
You closely miss the goblin. The goblin barely misses you.
You furiously retaliate!
You headbutt the goblin. The goblin barely misses you. x2
The goblin hits you with a +0 club.
You slash the goblin! You burn the goblin.
You kill the goblin!
The goblin closely misses you. The goblin hits you but does no damage.
The goblin misses you.
You hit the goblin. You burn the goblin.
The goblin is heavily wounded.
The goblin hits you but does no damage. The goblin closely misses you.
You furiously retaliate!
You headbutt the goblin!
You kill the goblin!
You see here a +0 dagger.
A kobold comes into view. It is wielding a +0 short sword.
The kobold shouts!
A kobold is nearby!
A kobold is nearby!
Are you sure you want to abandon this character and quit the game? (Confirm with "yes".)

##. ..## #.. #.. ..#
#.# ##.## #.# ##.#
..##.##.## ...
#.##.....# #.# ######
##.#####))# #.##......
†.........####.....##
##.....#........#...##
..........#####.@....#
#.###+###.# #.#...##
.##~~.~~##.# #.#$.##
##~..P..~##.# #......
#~.Pb8.P.~#.# ##$#.###
#~...♣...~#.# .#K#
+.P..b..P.+.. .#..
#~...♣...~# #.
#~.P.8.P


You could see a kobold.

Vanquished Creatures
  An endoplasm (D:1)
  A bat (D:1)
  3 goblins (D:1)
5 creatures vanquished.

Notes
Turn   | Place    | Note
-------+----------+-------------------------------------------
     0 | D:1      | Parcival the Minotaur Fighter began the quest for the Orb.
     0 | D:1      | Reached XP level 1. HP: 19/19 MP: 0/0
    20 | D:1      | Identified a scroll of acquirement
    20 | D:1      | Acquired the +3 bardiche of the Singing Hero {flame,
                  | Will++}
    84 | D:1      | Quit the game

Illustrated notes

Levels and vault maps discovered:
D:1:      amcnicky_arrival_single_pillar, layout_loops_cross,
          hangedman_glass_garden

Action                     || total
---------------------------++-------
  Melee: Bardiche          ||     9
         War axe           ||     3
         Headbutt          ||     1
    Use: Scroll            ||     1
 Armour: Scale mail        ||    19
  Dodge: Dodged            ||    16

Table legend: (Time is in decaauts)
 A = Elapsed time spent in this place.
 B = Non-inter-level travel time spent in this place.
 C = Inter-level travel time spent in this place.
 D = Time resting spent in this place.
 E = Time spent auto-exploring this place.
 F = Levels seen in this place.
 G = Mean time per level.
                   A        B        C        D        E       F      G
               +--------+--------+--------+--------+--------+-----+--------+
         Total |     92 |     92 |      0 |      0 |     32 |   1 |   92.0 |
       Dungeon |     92 |     92 |      0 |      0 |     32 |   1 |   92.0 |
               +--------+--------+--------+--------+--------+-----+--------+

Top non-repeatable levels by time:
     D:1: 92 daAuts
